 Dungeon Crawl Stone Soup version 0.21-a0-349-g0c35859 (webtiles) character file.

6221 Ijustatesigmund the Slicer (level 10, -9/56 HPs)
             Began as a Vine Stalker Fighter on Oct 8, 2017.
             Was a Priest of Makhleb.
             Mangled by a two-headed ogre
             ... wielding a +0 giant spiked club
              (10 damage)
             ... on level 8 of the Dungeon.
             The game lasted 00:18:01 (7258 turns).

Ijustatesigmund the Slicer (Vine Stalker Fighter)   Turns: 7258, Time: 00:18:02

Health: -9/56      AC:  9    Str: 20    XL:     10   Next: 92%
Magic:  0/24       EV: 11    Int: 14    God:    Makhleb [***...]
Gold:   521        SH: 11    Dex: 16    Spells: 15/15 levels left

rFire    . . .     SeeInvis .   a - +2 rapier
rCold    . . .     Gourm    .   c - +1 shield
rNeg     . . .     Faith    .   b - +3 leather armour of Immorality {rPois}
rPois    +         Spirit   +   (no helmet)
rElec    .         Reflect  .   A - +0 cloak
rCorr    .         Harm     .   (no gloves)
MR       +....                  y - +1 pair of boots (curse)
Stlth    +++.......             q - amulet of magic regeneration
HPRegen  0.58/turn              h - ring of magical power
MPRegen  0.44/turn              v - +6 ring of intelligence

@: about to teleport
A: fangs 3, regeneration 1, magic shield, antimagic bite, no potion heal 3, rot
immunity
a: Minor Destruction, Lesser Servant of Makhleb, Renounce Religion


You were on level 8 of the Dungeon.
You worshipped Makhleb.
Makhleb was most pleased with you.
You were hungry.

You visited 1 branch of the dungeon, and saw 10 of its levels.

You collected 521 gold pieces.

Inventory:

Hand Weapons
 a - a +2 rapier (weapon)
Missiles
 m - 25 bolts
Armour
 b - the +3 leather armour of Immorality (worn) {rPois}
   (You found it on level 5 of the Dungeon)

   It protects you from poison.
 c - a +1 shield (worn)
 r - a +1 leather armour of magic resistance
 y - a cursed +1 pair of boots (worn)
 A - a +0 cloak (worn)
Jewellery
 h - a ring of magical power (left hand)
 j - an uncursed ring of ice
 n - an uncursed ring of magical power
 q - an amulet of magic regeneration (around neck)
 v - a +6 ring of intelligence (right hand)
 E - a +2 ring of intelligence
 F - an uncursed ring of magical power
Wands
 d - a wand of flame (15/48)
 s - a wand of paralysis (0/24)
 w - a wand of random effects (8/48)
Scrolls
 e - 5 scrolls of remove curse
 l - a scroll of amnesia
 o - 2 scrolls of magic mapping
 t - a scroll of identify
Potions
 i - 2 potions of curing
 k - a potion of brilliance
 B - a potion of ambrosia
 C - a potion of resistance {unknown}
Books
 p - a book of Debilitation

   Spells                             Type                      Level
   a - Corona                         Hexes                        1
   b - Slow                           Hexes                        2
   c - Inner Flame                    Hexes/Fire                   3
   d - Portal Projectile              Hexes/Translocation          3
   e - Cause Fear                     Hexes                        4
   f - Leda's Liquefaction            Hexes/Earth                  4
 x - a book of Alchemy

   Spells                             Type                      Level
   a - Sublimation of Blood           Necromancy                   2
   b - Ignite Poison                  Fire/Transmutation/Poison    3
   c - Petrify                        Transmutation/Earth          4
   d - Alistair's Intoxication        Transmutation/Poison         5
   e - Irradiate                      Conjuration/Transmutation    5
Comestibles
 f - 3 bread rations
 g - 9 royal jellies
 u - a meat ration
 D - 16 fruits


   Skills:
 + Level 8.2 Fighting
 + Level 8.3 Short Blades
 - Level 4.0 Armour
 - Level 3.0 Dodging
 - Level 6.6 Stealth
 - Level 4.4 Shields
 + Level 3.0 Spellcasting
 - Level 5.0 Invocations


You had 15 spell levels left.
You didn't know any spells.

Dungeon Overview and Level Annotations

Branches:
Dungeon (10/15)            Temple (0/1) D:5            Lair (0/6) D:9
    Orc (0/2) D:9

Altars:
Elyvilon
Fedhas
Hepliaklqana
Makhleb
Qazlal
Sif Muna
Vehumet
Wu Jian
The Shining One


Innate Abilities, Weirdness & Mutations

You have razor-sharp teeth.
Your natural rate of healing is unusually fast.
When hurt, damage is shared between your health and your magic reserves.
Your bite disrupts and absorbs the magic of your enemies.
Potions cannot restore your health.
You are immune to rotting.


Message History

* * * LOW HITPOINT WARNING * * *
The two-headed ogre hits you with a giant club!
* * * LOW HITPOINT WARNING * * *
The howler monkey hits you.
* * * LOW HITPOINT WARNING * * *
You hit the two-headed ogre. You bite the two-headed ogre. You drain its power.
You feel invigorated.
The two-headed ogre is severely wounded.
The howler monkey hoots and howls with incredible vigour!
The two-headed ogre barely misses you. You block the two-headed ogre's attack.
You hit the two-headed ogre. Your bite misses the two-headed ogre.
The two-headed ogre is severely wounded.
The howler monkey hits you.
* * * LOW HITPOINT WARNING * * *
A basilisk comes into view.
As you read the scroll of teleportation, it crumbles to dust.
You feel strangely unstable. You block the howler monkey's attack.
The two-headed ogre closely misses you.
The two-headed ogre hits you with a giant club!
You die...

# #...####..#. #####
#........l.. . ....#
#......<...#.
....####.........##.
...................
....###......###..#
....# #......# #5.#
....# #......###Oh#
....# #.......##@(#
....# ##..###....##
....# #...####...#
....# #...####...#
##### #......))..#
#...###....# # #...#
#))....# # #....
.......# #
#...###....###


You could see a two-headed ogre, a basilisk, a howler monkey and a crimson imp.

Vanquished Creatures
  The ghost of ThePrince the Thaumaturge, a novice GnWz of Sif Muna (D:8)
  The ghost of Rhok the Slasher, a novice GnWn of Hepliaklqana (D:7)
  Grinder (D:5)
  2 dream sheep (D:9)
  2 hungry ghosts (D:7)
  2 yaks (D:9)
  Eustachio (D:5)
  A water moccasin (D:9)
  4 porcupines
  2 black bears
  An ice beast (D:9)
  3 ogres
  2 orc warriors (D:9)
  2 phantoms
  A centaur (D:5)
  A crocodile (D:9)
  4 big kobolds
  6 bullfrogs
  3 scorpions
  3 killer bees (D:9)
  A howler monkey (D:8)
  A bullfrog zombie (D:5)
  6 crimson imps
  5 hounds
  A quasit (D:7)
  3 centaur skeletons
  3 jellies
  4 orc priests
  10 orc wizards
  Crazy Yiuf (D:5)
  Jessica (D:3)
  4 iguanas
  7 worker ants
  Ijyb (D:3)
  Natasha (thrice) (D:3)
  A killer bee zombie (D:7)
  A hound zombie (D:8)
  2 hound skeletons
  A howler monkey zombie (D:9)
  16 adders
  2 howler monkey skeletons
  2 shadow imps (D:9)
  An adder zombie (D:9)
  2 worms (D:2)
  4 dart slugs
  5 leopard geckos
  23 orcs
  2 ball pythons
  2 giant cockroaches
  10 goblins
  8 hobgoblins
  3 jackals (D:2)
  15 kobolds
  6 bats
  3 frilled lizards
  A leopard gecko skeleton (D:9)
  A quokka skeleton (D:4)
  10 rats
215 creatures vanquished.

Vanquished Creatures (others)
  A bat (D:1)
  25 fungi (D:9)
  3 plants (D:9)
29 creatures vanquished.

Grand Total: 244 creatures vanquished

Notes
Turn   | Place    | Note
-------+----------+-------------------------------------------
     0 | D:1      | Ijustatesigmund the Vine Stalker Fighter began the quest for the Orb.
     0 | D:1      | Reached XP level 1. HP: 11/11 MP: 2/2
    63 | D:1      | Reached XP level 2. HP: 13/16 MP: 3/3
   436 | D:1      | Reached XP level 3. HP: 20/20 MP: 4/4
   752 | D:2      | Found a blossoming altar of Fedhas.
   910 | D:2      | Found a stormy altar of Qazlal.
   912 | D:2      | Noticed a fire elemental
   913 | D:2      | Noticed a water elemental
   913 | D:2      | Noticed an air elemental
   913 | D:2      | Noticed an earth elemental
   948 | D:2      | Gained mutation: Your natural rate of healing is unusually fast. [Vine Stalker growth]
   948 | D:2      | Reached XP level 4. HP: 20/24 MP: 5/5
  1314 | D:2      | Found an ornate altar of the Wu Jian Council.
  1599 | D:3      | Noticed Ijyb
  1625 | D:3      | Killed Ijyb
  1662 | D:3      | Found a white marble altar of Elyvilon.
  1673 | D:3      | Reached XP level 5. HP: 26/28 MP: 6/6
  1737 | D:3      | Noticed Jessica
  1739 | D:3      | Noticed Natasha
  1743 | D:3      | Killed Jessica
  1747 | D:3      | Killed Natasha
  1753 | D:3      | Noticed Natasha
  1785 | D:3      | Killed Natasha
  1827 | D:3      | Noticed Natasha
  1841 | D:3      | Killed Natasha
  1841 | D:3      | Reached XP level 6. HP: 27/33 MP: 7/7
  1908 | D:3      | Found a burning altar of Makhleb.
  1921 | D:3      | Became a worshipper of Makhleb the Destroyer
  2267 | D:3      | Found a glowing golden altar of the Shining One.
  2566 | D:4      | Reached skill level 5 in Short Blades
  2595 | D:4      | Reached XP level 7. HP: 38/38 MP: 8/8
  2693 | D:4      | Reached skill level 5 in Fighting
  2930 | D:5      | Entered Level 5 of the Dungeon
  3198 | D:5      | Reached * piety under Makhleb
  3281 | D:5      | Found a staircase to the Ecumenical Temple.
  3441 | D:5      | Noticed Grinder
  3461 | D:5      | Killed Grinder
  3461 | D:5      | Gained mutation: You have razor-sharp teeth. [Vine Stalker growth]
  3461 | D:5      | Reached XP level 8. HP: 34/44 MP: 9/9
  3566 | D:5      | Found a runed door.
  3571 | D:5      | Noticed Crazy Yiuf
  3574 | D:5      | Killed Crazy Yiuf
  3798 | D:5      | Got a warped leather armour
  3804 | D:5      | Identified the +3 leather armour of Immorality {rPois} (You found it on level 5 of the Dungeon)
  3877 | D:5      | Reached skill level 1 in Dodging
  3956 | D:5      | Noticed Eustachio
  3972 | D:5      | Killed Eustachio
  4175 | D:6      | Found a hazy altar of Hepliaklqana.
  4789 | D:7      | Reached XP level 9. HP: 49/49 MP: 10/10
  4889 | D:7      | Reached ** piety under Makhleb
  4976 | D:7      | Reached skill level 1 in Stealth
  4979 | D:7      | Reached skill level 1 in Invocations
  4999 | D:7      | Noticed Rhok's ghost (novice GnWn)
  5027 | D:7      | Killed Rhok's ghost
  5197 | D:7      | Reached skill level 5 in Stealth
  5565 | D:8      | Noticed ThePrince's ghost (novice GnWz)
  5576 | D:9      | Found a radiant altar of Vehumet.
  5722 | D:9      | HP: 1/49 [orc/morningstar (3)]
  5731 | D:9      | HP: 1/49 [orc warrior/halberd (5)]
  5809 | D:9      | Reached skill level 5 in Invocations
  5809 | D:9      | Reached XP level 10. HP: 48/53 MP: 14/14
  5886 | D:9      | Found a staircase to the Lair.
  5906 | D:10     | Entered Level 10 of the Dungeon
  6159 | D:9      | Found a staircase to the Orcish Mines.
  6243 | D:9      | Reached *** piety under Makhleb
  6687 | D:9      | Found a deep blue altar of Sif Muna.
  6953 | D:9      | Reached skill level 1 in Spellcasting
  7018 | D:9      | Noticed a two-headed hydra
  7146 | D:8      | Killed ThePrince's ghost
  7239 | D:8      | Noticed a two-headed ogre
  7255 | D:8      | HP: 2/56 [two-headed ogre/giant spiked club (6)]
  7258 | D:8      | Mangled by a two-headed ogre

Vault maps used:
D:1:      mrwooster_arrival_statue, st_stairs_7
D:2:      lemuel_coloured_pillars_altar, marbit_many_paths,
          nicolae_qazlal_style_of_elements
D:3:      nicolae_overflow_hidden_temple, nicolae_tso_carved_into_rock,
          makhleb_heckhound_becter, elyvilon_altar_4, lemuel_old_faithful,
          uniq_jessica, uniq_ijyb, uniq_natasha
D:4:      first_bread
D:5:      kennysheep_spiral_hall, minmay_temple_entry_butterflies,
          due_unseen_surprise, uniq_eustachio, uniq_grinder,
          uniq_crazy_yiuf_cottage
D:6:      overflow_temple_1_default
D:8:      minmay_curly_fans, kiku_gazebo_garden_becter
D:9:      kennysheep_mini_moat, vehumet_altar_wand_db,
          due_lair_maze_entry_diamond, orc_0_dummy, serial_glass,
          glass_columns_c, glass_columns_a, glass_columns_c, glass_columns_c,
          glass_columns_a, hangedman_ranch

Skill      XL: |  1  2  3  4  5  6  7  8  9 10 |
---------------+-------------------------------+-----
Short Blades   | 2 3 4 5 6 8 |  8.3
Fighting       | 3 4 6 8 |  8.2
Shields        | 4 |  4.4
Dodging        | 2 3 |  3.0
Armour         | 3 4 |  4.0
Stealth        | 6 |  6.6
Invocations    | 5 |  5.0
Spellcasting   | 3 |  3.0

Action                   |  1- 3 |  4- 6 |  7- 9 | 10-12 || total
-------------------------+-------+-------+-------+-------++-------
Melee: Rapier            |   111 |   165 |   326 |   259 ||   861
       Bite              |    23 |    50 |    98 |    90 ||   261
Invok: Minor Destruction |       |       |       |     5 ||     5
       Lesser Servant of |       |       |       |     1 ||     1
Evoke: Wand              |       |       |     2 |     5 ||     7
  Use: Scroll            |     2 |     7 |     7 |     3 ||    19
       Potion            |       |       |     4 |     1 ||     5
 Stab: Sleeping          |       |       |     1 |     2 ||     3
  Eat: Chunk             |       |     6 |    13 |     3 ||    22
       Bread ration      |       |       |     1 |       ||     1
       Fruit             |       |       |       |     2 ||     2
Armor: Scale mail        |    41 |    43 |    22 |       ||   106
       Leather armour    |       |       |    66 |    50 ||   116
Dodge: Dodged            |    30 |    40 |    98 |    99 ||   267
Block: Shield            |    63 |    71 |   153 |   144 ||   431

Table legend:
 A = Spawn XP
 B = Non-spawn XP
 C = Spawn XP percentage of total XP
 D = Spawn monster count
 E = Non-spawn monster count
 F = Spawn count percentage of total count
 G = Total turns spent on level
                    A         B        C        D         E        F      G
               +---------+---------+-------+---------+---------+-------+---------
         Total |       0 |    8888 |   0.0 |       0 |     215 |   0.0 |  7258
               +---------+---------+-------+---------+---------+-------+---------
           D:1 |       0 |      41 |   0.0 |       0 |      25 |   0.0 |   646
           D:2 |       0 |      70 |   0.0 |       0 |      21 |   0.0 |   951
           D:3 |       0 |     313 |   0.0 |       0 |      22 |   0.0 |   853
           D:4 |       0 |     233 |   0.0 |       0 |      17 |   0.0 |   480
           D:5 |       0 |    1214 |   0.0 |       0 |      20 |   0.0 |  1085
           D:6 |       0 |     324 |   0.0 |       0 |      12 |   0.0 |   739
           D:7 |       0 |    2020 |   0.0 |       0 |      27 |   0.0 |   760
           D:8 |       0 |    1043 |   0.0 |       0 |      19 |   0.0 |   244
           D:9 |       0 |    3214 |   0.0 |       0 |      48 |   0.0 |  1438
          D:10 |       0 |     416 |   0.0 |       0 |       4 |   0.0 |    62
               +---------+---------+-------+---------+---------+-------+---------
